 Dungeon Crawl Stone Soup version 0.30-a0-1114-gd936c97349 (webtiles) character file.

Game seed: 16905526512087034500

1 BlueFish the Grasshopper (level 1, -7/14 HPs)
             Began as an Octopode Warper on Apr 20, 2023.
             Mangled by a gnoll
             ... wielding a +0 spear
              (10 damage)
             ... on level 1 of the Dungeon.
             The game lasted 00:00:10 (70 turns).

BlueFish the Grasshopper (Octopode Warper)            Turns: 70, Time: 00:00:10

Health: -7/14      AC:  1    Str: 10    XL:     1   Next: 20%
Magic:  3/3        EV: 13    Int: 15    God:
Gold:   0          SH:  0    Dex: 11    Spells: 4/4 levels left

rFire   . . .      SeeInvis .    a - +0 mace
rCold   . . .      Faith    .    (no shield)
rNeg    . . .      Spirit   .    (helmet restricted)
rPois   .          Reflect  .    (no amulet)
rElec   .          Rampage  .    (no ring)
rCorr   .                        (no ring)
Will    .....                    (no ring)
Stlth   ++                       (no ring)
HPRegen 0.22/turn                (no ring)
MPRegen 0.08/turn                (no ring)
                                 (no ring)
                                 (no ring)

@: no status effects
A: almost no armour, amphibious, 8 rings, camouflage 1, gelatinous body 1,
(nimble swimmer 1), tentacles
a: no special abilities


You were on level 1 of the Dungeon.
You visited 1 branch of the dungeon, and saw 1 of its levels.

Inventory:

Hand Weapons
 a - a +0 mace (weapon)
Missiles
 c - 7 boomerangs of dispersal (quivered)
Scrolls
 b - a scroll of blinking
 d - 2 scrolls of teleportation {unknown}
 f - a scroll of torment {unknown}
Potions
 e - a potion of flight {unknown}


   Skills:
 + Level 2.0 Fighting
 + Level 2.0 Maces & Flails
 + Level 1.0 Throwing
 + Level 2.3 Dodging
 * Level 0.2 Stealth
 + Level 2.0 Spellcasting
 + Level 3.0 Translocations


You had 4 spell levels left.
You didn't know any spells.
Your spell library contained the following spells:

 Spells                   Type           Power      Damage    Failure   Level
 Blink                    Tloc           20%        N/A       10%         2
 Lesser Beckoning         Tloc           20%        N/A       10%         2
 Teleport Other           Tloc           10%        N/A       19%         3
 Vhi's Electric Charge    Tloc/Air       12%        N/A       34%         3
 Manifold Assault         Tloc           10%        N/A       54%         4


Dungeon Overview and Level Annotations

Branches:
Dungeon (1/15)

Altars:


Innate Abilities, Weirdness & Mutations

You cannot wear most types of armour.
You are amphibious.
You can wear up to eight rings at the same time.
Your skin changes colour to match your surroundings (Stealth+).
Your rubbery body absorbs attacks. (AC +1, EV +1)
((You are camouflaged when in or above water. (Stealth+)))
You have tentacles for arms and can constrict up to eight enemies at once.


Message History

Welcome, BlueFish the Octopode Warper.
Will you be the one to retrieve the breathtaking Orb of Zot from the depths?
Press ? for a list of commands and other information.
Found a dagger and a leather armour.
Found a staircase leading out of the dungeon.
d - a scroll labelled IDORGH QAXKEMUTS A rat comes into view.
The rat closely misses you.
You closely miss the rat. You grab the rat. You constrict the rat.
The rat bites you.
You hit the rat.
You kill the rat!
HP restored.
e - a white potion You see here a rat corpse.
A bat comes into view.
The helpless bat fails to defend itself.
You hit the bat.
You kill the bat!
You see here a bat corpse.
Found a cloak.
f - a scroll labelled KASYSIZEGH
d - 2 scrolls labelled IDORGH QAXKEMUTS (gained 1)
A gnoll comes into view. It is wielding a +0 spear.
The gnoll shouts!
Found a short sword.
The gnoll closely misses you. The gnoll completely misses you.
You hit the gnoll but do no damage. You grab the gnoll. You squeeze the gnoll!
The gnoll is severely wounded.
You constrict the gnoll, but do no damage.
The gnoll hits you with a +0 spear. x2
* * * LOW HITPOINT WARNING * * *
You hit the gnoll but do no damage.
The gnoll is severely wounded.
You constrict the gnoll, but do no damage.
The gnoll hits you with a +0 spear!
Ouch! That really hurt!
You die...

## .. # #. .# ##. #.#
.####..##g.###.#
..).....@......#
.#.###.###.#... ..#
#?....# #.#
#.###.#.#.###.# #.#
#.....[.......# #.#
#.###.#.#.###.# #.# #
#...#.#...#.# #.#####
#.#.###.###.#.#####.##...
#........†.............##


You could see a gnoll.

Vanquished Creatures
  A bat (D:1)
  A rat (D:1)
2 creatures vanquished.

Notes
Turn   | Place    | Note
-------+----------+-------------------------------------------
     0 | D:1      | BlueFish the Octopode Warper began the quest for the Orb.
     0 | D:1      | Reached XP level 1. HP: 14/14 MP: 3/3
    70 | D:1      | Mangled by a gnoll

Illustrated notes

Levels and vault maps discovered:
D:1:      minmay_arrival_arboretum_small, layout_loops_ring,
          chequers_serial_rivers_micro_a, minmay_misc_feat_roman

Action                     || total
---------------------------++-------
  Melee: Mace              ||     5
         Constrict         ||     2
         Tentacles         ||     1
   Stab: Sleeping          ||     1
  Dodge: Dodged            ||     3

Table legend: (Time is in decaauts)
 A = Elapsed time spent in this place.
 B = Non-inter-level travel time spent in this place.
 C = Inter-level travel time spent in this place.
 D = Time resting spent in this place.
 E = Time spent auto-exploring this place.
 F = Levels seen in this place.
 G = Mean time per level.
                   A        B        C        D        E       F      G
               +--------+--------+--------+--------+--------+-----+--------+
         Total |     71 |     71 |      0 |      0 |     49 |   1 |   71.0 |
       Dungeon |     71 |     71 |      0 |      0 |     49 |   1 |   71.0 |
               +--------+--------+--------+--------+--------+-----+--------+

Top non-repeatable levels by time:
     D:1: 71 daAuts
